 Dungeon Crawl Stone Soup version 0.30-a0-341-g682706514a (webtiles) character file.

Game seed: 17266528382048691955

340 drugrobin the Cutter (level 6, 0/50 HPs)
             Began as a Demigod Delver on Nov 3, 2022.
             Killed by nerve-wracking pain
             ... invoked by Grinder
              (14 damage)
             ... on level 5 of the Dungeon.
             The game lasted 00:11:36 (4733 turns).

drugrobin the Cutter (Demigod Delver)               Turns: 4733, Time: 00:11:37

Health: 0/50       AC:  4    Str: 17    XL:     6   Next: 8%
Magic:  8/8        EV: 12    Int: 12    God:
Gold:   213        SH:  0    Dex: 19    Spells: 5/5 levels left

rFire   . . .      SeeInvis .    a - +2 dagger (elec)
rCold   + . .      Faith    .    (no shield)
rNeg    . . .      Spirit   .    v - +0 leather armour
rPois   .          Reflect  .    (no helmet)
rElec   .          Harm     .    (no cloak)
rCorr   .          Rampage  .    A - +0 pair of gloves
Will    .....                    (no boots)
Stlth   +++.......               (no amulet)
HPRegen 0.28/turn                B - ring of protection from cold
MPRegen 0.11/turn                (no ring)

@: attractive
A: high MP 1, forlorn, divine attributes
a: no special abilities


You were on level 5 of the Dungeon.
You visited 1 branch of the dungeon, and saw 5 of its levels.

You collected 213 gold pieces.

Inventory:

Hand Weapons
 a - a +2 dagger of electrocution (weapon)
 b - a +1 dagger of holy wrath
 x - a +0 long sword
Missiles
 k - 67 stones
 o - 3 boomerangs (quivered)
 q - 3 poisoned darts
 C - a throwing net
Armour
 v - a +0 leather armour (worn)
 A - a +0 pair of gloves (worn)
Jewellery
 B - a ring of protection from cold (left hand)
Wands
 g - a wand of digging (3)
Scrolls
 c - a scroll of fog
 d - 2 scrolls of magic mapping
 h - 6 scrolls of identify {unknown}
 l - 2 scrolls of enchant armour {unknown}
 m - a scroll of torment {unknown}
 n - a scroll of vulnerability {unknown}
 r - a scroll of teleportation {unknown}
 u - 3 scrolls of amnesia {unknown}
 w - a scroll of immolation {unknown}
 y - a scroll of blinking {unknown}
Potions
 f - a potion of haste
 i - a potion of magic {unknown}
 p - a potion of attraction
 s - a potion of lignification {unknown}
 t - a potion of degeneration {unknown}
 z - a potion of mutation {unknown}
 D - 2 potions of ambrosia {unknown}


   Skills:
 - Level 2.6 Fighting
 + Level 6.1 Short Blades
 - Level 1.7 Dodging
 - Level 4.5 Stealth


You had 5 spell levels left.
You didn't know any spells.
Your spell library was empty.

Dungeon Overview and Level Annotations

Branches:
Dungeon (5/15)
 Temple: D:4-7

Shops:
D:2 =

Annotations:
D:2 Sigmund
D:5 Grinder


Innate Abilities, Weirdness & Mutations

You have an increased reservoir of magic. (+10% MP)
You shall have no god before yourself.
Your divine heritage dramatically boosts your attributes as you level up.


Message History

Grinder is heavily wounded.
Grinder drinks a potion.
Grinder is healed!
Unknown command.
Unknown command.
You hit Grinder.
Grinder is lightly wounded.
Grinder gestures at you.
You suddenly lose the ability to move!
Grinder blinks!
You can move again.
Unknown command.
Unknown command.
Unknown command.
Unknown command.
Grinder says, "DUCK!"
Grinder blinks!
Unknown command.
Unknown command.
Unknown command.
Unknown command.
Unknown command.
Unknown command.
Unknown command.
Unknown command.
Unknown command.
Things that are here:
a throwing net; 13 gold pieces
C - a throwing net You now have 213 gold pieces (gained 13).
Grinder gestures at you. Pain shoots through your body!
* * * LOW HITPOINT WARNING * * *
Unknown command.
Unknown command.
Unknown command.
It was a potion of attraction.
You feel attractive to monsters. Grinder gestures at you.
Pain shoots through your body!
You die...

#..........#..#
.....
##...ยง.....#..#.
...$.
#............... #
..... #......#...#
.. ..#.#
#.......##.# ...
### #.5..<.##.5#
.... #.
##..[...##.####..#
#.
##......#......###
...
#..........@.....#
...#
#..........#####.##
##.. ##.........#
#..........#
#####.......#
#....#.## .....#..
$.......#.


You could see Grinder.

Vanquished Creatures
  A bullfrog (D:4)
  2 iguanas (D:4)
  2 orc wizards (D:4)
  6 adders
  3 gnolls (D:4)
  A dart slug (D:3)
  7 orcs
  7 ball pythons
  6 endoplasms
  4 giant cockroaches
  11 hobgoblins
  4 jackals (D:1)
  4 quokkas
  7 bats
  A frilled lizard (D:1)
  10 goblins
  4 kobolds
  5 rats
85 creatures vanquished.

Notes
Turn   | Place    | Note
-------+----------+-------------------------------------------
     0 | D:5      | drugrobin the Demigod Delver began the quest for the Orb.
     0 | D:5      | Reached XP level 1. HP: 18/18 MP: 3/3
    87 | D:3      | Reached skill level 2 in Short Blades
   421 | D:3      | Reached XP level 2. HP: 23/25 MP: 4/4
   700 | D:2      | Reached skill level 3 in Short Blades
  1033 | D:2      | Reached XP level 3. HP: 30/30 MP: 5/5
  1730 | D:1      | Reached skill level 4 in Short Blades
  2274 | D:2      | Reached XP level 4. HP: 37/37 MP: 6/6
  2315 | D:2      | Noticed Sigmund
  2400 | D:2      | Found Yxzutid's Jewellery Emporium.
  3448 | D:4      | Noticed Grinder
  3459 | D:4      | Paralysed by Grinder for 4 turns
  3585 | D:5      | Noticed a bullfrog
  3608 | D:4      | Reached skill level 5 in Short Blades
  3608 | D:4      | Reached XP level 5. HP: 14/42 MP: 7/7
  4541 | D:4      | Reached skill level 6 in Short Blades
  4541 | D:4      | Reached XP level 6. HP: 15/50 MP: 8/8
  4712 | D:5      | Paralysed by Grinder for 3 turns
  4721 | D:5      | HP: 1/50 [Grinder/nerve-wracking pain (14)]
  4725 | D:5      | Paralysed by Grinder for 3 turns
  4733 | D:5      | Killed from afar by Grinder

Illustrated notes

Levels and vault maps discovered:
D:1:      lightli_arrival_maybe_door_vault, layout_basic,
          shapermc_ecumenical_altar_totnotflames
D:2:      layout_basic, serial_shops, nicolae_shop_hallway_plus, uniq_sigmund
D:3:      layout_loops_ring, okawaru_altar_gauntlet_db, minmay_splitting_lines
D:4:      layout_basic, uniq_grinder
D:5:      layout_cave_pools

Skill      XL: |  1  2  3  4  5 |
---------------+----------------+-----
Short Blades   | 2 3 4 5 6 |  6.1
Fighting       | |  2.6
Dodging        | |  1.7
Stealth        | |  4.5

Action                   |  1- 3 |  4- 6 || total
-------------------------+-------+-------++-------
Melee: Short sword       |   188 |    44 ||   232
       Punch             |     2 |     2 ||     4
       Dagger            |    31 |   128 ||   159
       Long sword        |       |    16 ||    16
       War axe           |       |     4 ||     4
Throw: Boomerang         |     7 |     8 ||    15
       Throwing net      |     1 |     3 ||     4
  Use: Scroll            |       |     2 ||     2
       Potion            |       |     4 ||     4
 Stab: Sleeping          |    10 |     3 ||    13
       Held in net/web   |       |     1 ||     1
       Distracted        |       |     1 ||     1
Armor: Leather armour    |    60 |    16 ||    76
Dodge: Dodged            |   149 |    88 ||   237

Table legend: (Time is in decaauts)
 A = Elapsed time spent in this place.
 B = Non-inter-level travel time spent in this place.
 C = Inter-level travel time spent in this place.
 D = Time resting spent in this place.
 E = Time spent auto-exploring this place.
 F = Levels seen in this place.
 G = Mean time per level.
                   A        B        C        D        E       F      G
               +--------+--------+--------+--------+--------+-----+--------+
         Total |   4665 |   4378 |    287 |    828 |   2148 |   5 |  933.0 |
       Dungeon |   4665 |   4378 |    287 |    828 |   2148 |   5 |  933.0 |
               +--------+--------+--------+--------+--------+-----+--------+

Top non-repeatable levels by time:
     D:4: 1516 daAuts
     D:3: 1250 daAuts
     D:1: 889 daAuts
     D:2: 873 daAuts
     D:5: 135 daAuts
